 Dungeon Crawl Stone Soup version 0.25-a0-424-g80bd347ae0 (webtiles) character file.

Game seed: 12997496214692233018, levelgen mode: deterministic

74 hittemvvvvhard the Digger (level 4, 0/30 HPs)
             Began as a Human Earth Elementalist on Jan 24, 2020.
             Succumbed to a gnoll's poison
             ... on level 2 of the Dungeon.
             The game lasted 00:04:31 (1962 turns).

hittemvvvvhard the Digger (HuEE)                    Turns: 1962, Time: 00:04:31

Health: 0/30       AC:  2    Str:  5 (8)  XL:     4   Next: 54%
Magic:  7/7        EV: 12    Int: 14 (16) God:
Gold:   114        SH:  0    Dex: 13 (14) Spells: 1/7 levels left

rFire    . . .     SeeInvis .   a - +0 mace
rCold    . . .     Gourm    .   (no shield)
rNeg     . . .     Faith    .   c - +0 robe
rPois    .         Spirit   .   (no helmet)
rElec    .         Reflect  .   (no cloak)
rCorr    .         Harm     .   (no gloves)
MR       .....                  (no boots)
Stlth    ++........             (no amulet)
HPRegen  0.10/turn              (no ring)
MPRegen  0.10/turn              (no ring)

@: lethally poisoned (0 -> -12)
A: no striking features
a: no special abilities


You were on level 2 of the Dungeon.
You were not hungry.

You visited 1 branch of the dungeon, and saw 2 of its levels.

You collected 114 gold pieces.

Inventory:

Hand Weapons
 a - a +0 mace (weapon)
 k - a +1 dagger of distortion {!w}
Missiles
 e - 18 poisoned darts (quivered)
 h - 64 sling bullets
 j - 30 stones
 Q - 12 arrows
Armour
 c - a +0 robe (worn)
Scrolls
 b - a scroll of remove curse
 g - a scroll of identify {unknown}
 i - 2 scrolls of immolation {unknown}
Comestibles
 d - 5 rations
 l - 2 chunks of flesh


   Skills:
 - Level 2.0 Dodging
 - Level 2.0 Stealth
 - Level 2.0 Spellcasting
 - Level 1.0 Transmutations
 + Level 5.0 Earth Magic


You had one spell level left.
You knew the following spells:

 Your Spells              Type           Power        Failure   Level  Hunger
a - Sandblast             Erth           ###...       3%          1    ##.....
w - Passwall              Tmut/Erth      #.......     11%         2    ###....
x - Stone Arrow           Conj/Erth      #.....       26%         3    ####...

Your spell library contained the following spells:

 Spells                   Type           Power        Failure   Level  Hunger
 Petrify                  Tmut/Erth      #.......     56%         4    #####..
 Lee's Rapid Deconstruct  Erth           ###.......   63%         5    ######.


Dungeon Overview and Level Annotations

Branches:
Dungeon (2/15)

Altars:

Annotations:
D:1 exclusion: downstairs


Message History

* * * LOW HITPOINT WARNING * * *
You feel sick.
You take 2 damage, and have 6/30 hp.
As you close the door, it creaks loudly!
* * * LOW HITPOINT WARNING * * *
You feel sick.
You take 1 damage, and have 5/30 hp.
It was a potion of degeneration.
There was something very wrong with that liquid.
You feel weakened.
You feel dopey.
You feel clumsy.
* * * LOW HITPOINT WARNING * * *
You feel sick.
You take 1 damage, and have 4/30 hp.
* * * LOW HITPOINT WARNING * * *
You feel sick.
You take 2 damage, and have 2/30 hp.
* * * LOW HITPOINT WARNING * * *
You feel sick.
You take 1 damage, and have 1/30 hp.
You die...

#...........# #.#.#
#.....
####........####.#.#
#####.
#..........##.#.# #.
###.###'#.....#.# ##
#รท# #.#######.# #)#
#......[..#
####'#####....####
#......# #>....#
#[.....###@....#
#......'.......#
#......###.....#
######## #.....#
###+##### #..(..#
#...(.# # #....(####
. ######.....(..# .

Skill      XL: |  1  2  3  4 |
---------------+-------------+-----
Earth Magic    | 4 5 |  5.0
Dodging        | |  2.0
Stealth        | |  2.0
Spellcasting   | |  2.0
Transmutations | |  1.0

Notes
Turn   | Place    | Note
-------+----------+-------------------------------------------
     0 | D:1      | hittemvvvvhard the Human Earth Elementalist began the quest
                  | for the Orb.
     0 | D:1      | Reached XP level 1. HP: 13/13 MP: 3/3
   761 | D:2      | Reached XP level 2. HP: 18/19 MP: 1/5
   961 | D:2      | Reached skill level 4 in Earth Magic
   961 | D:2      | Reached XP level 3. HP: 24/24 MP: 3/6
  1418 | D:2      | Noticed Terence
  1451 | D:2      | Killed Terence
  1451 | D:2      | Reached XP level 4. HP: 24/30 MP: 3/7
  1735 | D:2      | Reached skill level 5 in Earth Magic
  1810 | D:2      | Learned a level 2 spell: Passwall
  1814 | D:2      | Learned a level 3 spell: Stone Arrow
  1957 | D:2      | HP: 6/30 [poisoned by a gnoll]
  1960 | D:2      | HP: 2/30 [poisoned by a gnoll]
  1962 | D:2      | Succumbed to a gnoll's poison

Table legend:
 A = Turns spent in this place as a percentage of turns spent in the entire game.
 B = Non-inter-level travel turns spent in this place as a percentage of non-inter-level travel turns spent in the entire game.
 C = Inter-level travel turns spent in this place as a percentage of turns spent in this place.
 D = Turns resting spent in this place as a percentage of non-inter-level travel turns spent in this place.
 E = Turns spent auto-exploring this place as a percentage of non-inter-level travel turns spent in this place.
 F = Non-inter-level travel turns spent in this place divided by the number of levels of this place that you've seen.
                   A       B       C       D       E      F
               +-------+-------+-------+-------+-------+----------------------
         Total | 100.0 | 100.0 |   6.2 |  15.6 |  65.6 | 920.5
       Dungeon | 100.0 | 100.0 |   6.2 |  15.6 |  65.6 | 920.5
               +-------+-------+-------+-------+-------+----------------------

Table legend:
 A = Kills in this place as a percentage of kills in entire the game.
 B = Kills by you in this place as a percentage of kills by you in the entire game.
 C = Kills by friends in this place as a percentage of kills by friends in the entire game.
 D = Other kills in this place as a percentage of other kills in the entire game.
 E = Experience gained in this place as a percentage of experience gained in the entire game.
 F = Experience gained in this place divided by the number of levels of this place that you have seen.
                   A       B       C       D       E      F
               +-------+-------+-------+-------+-------+----------------------
         Total | 100.0 | 100.0 |   N/A |   N/A | 100.0 |  53.5
       Dungeon | 100.0 | 100.0 |   N/A |   N/A | 100.0 |  53.5
               +-------+-------+-------+-------+-------+----------------------

Action                   |  1- 3 |  4- 6 || total
-------------------------+-------+-------++-------
Melee: Mace              |     4 |     7 ||    11
       Dagger            |     2 |       ||     2
Throw: Dart              |    50 |    21 ||    71
       Stone             |     4 |       ||     4
 Cast: Sandblast         |    20 |    15 ||    35
  Use: Scroll            |     1 |       ||     1
       Potion            |       |     1 ||     1
  Eat: Chunk             |     2 |     2 ||     4
Armor: Robe              |     3 |       ||     3
Dodge: Dodged            |     7 |     6 ||    13

Vanquished Creatures
  Terence (D:2)
  An adder (D:2)
  4 worms (D:2)
  A dart slug (D:2)
  A bat (D:1)
  2 giant cockroaches
  6 goblins
  A hobgoblin (D:2)
  4 jackals (D:2)
  A kobold (D:2)
  A ball python (D:1)
  2 frilled lizards (D:2)
  3 rats (D:2)
28 creatures vanquished. There were no monsters in sight!

Levels and vault maps discovered:
D:1:      lightli_molten_gateway, layout_basic
D:2:      layout_basic, first_ration, uniq_crazy_yiuf_cottage, uniq_terence
